 Dungeon Crawl Stone Soup version 0.29.0 (webtiles) character file.

Game seed: 13245497440807824797

200218 Dani the Brawler (level 17, -1/223 HPs)
             Began as a Troll Cinder Acolyte on Aug 30, 2022.
             Was a High Priest of Jiyva.
             Slain by an orc knight
             ... wielding a +0 bardiche
              (20 damage)
             ... on level 1 of the Vaults.
             The game lasted 01:50:46 (27257 turns).

Dani the Brawler (Troll Cinder Acolyte)            Turns: 27257, Time: 01:50:47

Health: -1/223     AC: 22    Str: 30    XL:     17   Next: 40%
Magic:  19/19      EV:  6    Int: 15    God:    Jiyva [*****.]
Gold:   1877       SH: 15    Dex:  7    Spells: 18/18 levels left

rFire   + . .      SeeInvis .     - Unarmed
rCold   + + +      Faith    +   J - +5 kite shield of Focus {Int+5}
rNeg    . . .      Spirit   .   N - +5 gold dragon scales
rPois   +          Reflect  .   (helmet restricted)
rElec   .          Harm     .   e - +0 cloak "Tinuz" {Will+}
rCorr   +          Rampage  .   (gloves unavailable)
Will    +++..                   (boots unavailable)
Stlth   ..........              G - amulet of faith
HPRegen 2.71/turn               o - ring of poison resistance
MPRegen 0.61/turn               u - ring of willpower

@: calling ooze
A: large, unfitting armour, claws 3, regeneration 1, shaggy fur 1, tough skin 1,
hooves 1, horns 1, iridescent scales 1, cold resistance 3, high MP 1, robust 3,
pseudopods 1, MP-powered wands, sturdy frame 1
}: 2/15 runes: slimy, gossamer
a: Renounce Religion, Oozemancy, Slimify


You were on level 1 of the Vaults.
You worshipped Jiyva.
Jiyva was extremely pleased with you.
You visited 6 branches of the dungeon, and saw 32 of its levels.
You also visited: Sewer, Bailey, Gauntlet and Ice Cave.

You collected 1972 gold pieces.
You spent 95 gold pieces at shops.

Inventory:

Hand Weapons
 b - a +5 war axe of flaming
   (You took it off a wight on level 6 of the Dungeon)
Missiles
 g - 5 silver javelins
 E - 14 javelins (quivered)
 Z - 2 throwing nets
Armour
 e - the +0 cloak "Tinuz" (worn) {Will+}
   (You found it in a Gauntlet)

   Will:      It increases your willpower.
 f - a +2 cloak
   (You found it on level 2 of the Spider Nest)
 i - a scarf of repulsion
   (You found it on level 4 of the Spider Nest)
 A - +1 steam dragon scales
   (You found it on level 6 of the Dungeon)
 F - a +0 tower shield of cold resistance
   (You found it in an ice cave)
 J - the +5 kite shield of Focus (worn) {Int+5}
   (You found it on level 5 of the Lair of Beasts)

   Int:       It affects your intelligence (+5).
 N - +5 gold dragon scales (worn)
   (You found it in a Gauntlet)
Jewellery
 h - an amulet of reflection
   (You found it on level 5 of the Lair of Beasts)
 k - a ring of fire
   (You found it on level 14 of the Dungeon)
 l - a ring of flight
   (You found it on level 3 of the Spider Nest)
 n - the ring "Abeez" {Str+6 Dex+2 SInv}
   (You bought it in a shop on level 1 of the Dungeon)

   [ring of strength]

   Str:       It affects your strength (+6).
   Dex:       It affects your dexterity (+2).
   SInv:      It lets you see invisible.
 o - a ring of poison resistance (left claw)
   (You found it on level 3 of the Dungeon)
 u - a ring of willpower (right claw)
   (You took it off a wight on level 9 of the Dungeon)
 y - an amulet of magic regeneration
   (You found it on level 1 of the Dungeon)
 G - an amulet of faith (around neck)
   (You found it on level 14 of the Dungeon)
Wands
 j - a wand of quicksilver (2)
   (You found it on level 1 of the Lair of Beasts)
 m - a wand of roots (26)
   (You found it on level 3 of the Dungeon)
 D - a wand of digging (17)
   (You found it on level 2 of the Lair of Beasts)
 P - a wand of paralysis (26)
   (You found it on level 1 of the Lair of Beasts)
 V - a wand of flame (16)
   (You found it on level 4 of the Lair of Beasts)
Scrolls
 a - 2 scrolls of fear
 c - 2 scrolls of summoning
 z - a scroll of immolation
 B - 5 scrolls of blinking
 M - a scroll of magic mapping
 R - 5 scrolls of identify {@r1}
 S - a scroll of fog
 T - 5 scrolls of teleportation
 W - a scroll of vulnerability
Potions
 d - 5 potions of attraction
 p - a potion of flight
 q - 4 potions of brilliance
 r - 9 potions of heal wounds
 s - 2 potions of mutation {!q}
 v - 2 potions of cancellation
 w - 6 potions of magic
 x - 6 potions of might
 C - a potion of invisibility {unknown}
 H - 3 potions of haste
 I - a potion of berserk rage
 K - 8 potions of ambrosia
 L - 2 potions of resistance {unknown}
 O - 3 potions of lignification
 Q - 4 potions of curing {@q1}
Miscellaneous
 t - a lightning rod (4/4)
   (You found it in a bailey)
 U - a box of beasts
   (You found it in an ice cave)
 X - a phial of floods
   (You found it in an ice cave)


   Skills:
 + Level 11.8 Fighting
 + Level 11.5 Armour
 + Level 13.3 Dodging
 + Level 12.4 Shields
 + Level 18.6 Unarmed Combat
 - Level 1.0 Spellcasting
 - Level 2.1 Fire Magic


You had 18 spell levels left.
You didn't know any spells.
Your spell library contained the following spells:

 Spells                   Type           Power      Damage    Failure   Level
 Scorch                   Fire           14%        2d6       98%         2
 Magic Dart               Conj           0%         1d3       99%         1
 Ensorcelled Hibernation  Hex/Ice        0%         N/A       100%        2
 Searing Ray              Conj           0%         2d4       100%        2
 Frozen Ramparts          Ice            0%         1d1       100%        3
 Portal Projectile        Hex/Tloc       0%         N/A       100%        3
 Spider Form              Tmut/Pois      0%         N/A       100%        3
 Tukima's Dance           Hex            0%         N/A       100%        3
 Anguish                  Hex/Necr       0%         N/A       100%        4
 Flame Wave               Conj/Fire      4%         2d5       100%        4
 Fulminant Prism          Conj/Hex       0%         3d6       100%        4
 Hailstorm                Conj/Ice       0%         3d3       100%        4
 Ice Form                 Ice/Tmut       0%         N/A       100%        4
 Iskenderun's Mystic Bla  Conj/Tloc      0%         2d3       100%        4
 Passage of Golubria      Tloc           0%         N/A       100%        4
 Summon Ice Beast         Ice/Summ       0%         N/A       100%        4
 Blade Hands              Tmut           0%         N/A       100%        5
 Lee's Rapid Deconstruct  Erth           0%         3d5*      100%        5
 Yara's Violent Unravell  Hex/Tmut       0%         3d3       100%        5
 Simulacrum               Ice/Necr       0%         N/A       100%        6
 Summon Cactus Giant      Summ           0%         N/A       100%        6


Dungeon Overview and Level Annotations

Branches:
Dungeon (15/15)            Temple (0/1) D:6            Lair (5/5) D:11
  Swamp (0/4) Lair:2       Spider (4/4) Lair:3        Slime (5/5) Lair:5
    Orc (2/2) D:9             Elf (0/3) Orc:2        Vaults (1/5) D:13
 Depths (0/4) D:15          Sewer (visited)          Bailey (visited)
  IceCv (visited)         Gauntlet (visited)

Altars:
Elyvilon
Fedhas
Hepliaklqana
Makhleb
Nemelex Xobeh
Sif Muna
Trog
Uskayaw
Wu Jian
Jiyva

Shops:
D:1 *   D:6 :   D:9 *   Orc:1 (   Orc:2 [[[:

Annotations:
D:8 2 transporters, Grum; Toastz's ghost, novice DjFE
Lair:2 1 runed translucent door, exclusion: oklob plant, Cato's ghost, journeyman DECj
Lair:5 1 runed translucent door
Slime:5 Royal Jelly


Innate Abilities, Weirdness & Mutations

You are too large for most types of armour.
You have claws for hands.
Your natural rate of healing is unusually fast.
You are covered in fur. (AC +1)
You have tough skin. (AC +1)
You have large cloven feet.
You have a pair of small horns on your head.
You are partially covered in iridescent scales. (AC +2)
Your flesh is almost immune to the effects of cold. (rC+++)
You have an increased reservoir of magic. (+10% MP)
You are extremely robust. (+30% HP)
Armour fits poorly on your pseudopods.
You expend magic power (3 MP) to strengthen your wands.
Your movements are slightly less encumbered by armour. (ER -2)


Message History

The wall burns the orc knight!
The walls burn the orc knight!
You block the orc knight's attack.
You barely miss the orc knight. Your kick misses the orc knight.
You headbutt the orc knight.
The orc knight is heavily wounded.
The walls burn the orc warlord!
You kill the orc warlord!
The walls burn the orc knight!
You block the orc knight's attack.
The walls burn the orc knight!
The wall burns the orc warlord!
The walls burn the lindwurm!
You scratch the orc knight but do no damage.
The orc knight is heavily wounded.
You scratch the orc knight. You headbutt the orc knight.
The orc knight is severely wounded.
The walls burn the lindwurm!
The wall burns the lindwurm!
The walls burn the orc knight!
You block the orc knight's attack.
The walls burn the orc knight!
You block the orc knight's attack.
You closely miss the orc knight. Your kick misses the orc knight.
The orc knight is severely wounded.
The orc warlord no longer looks unusually strong.
The walls burn the lindwurm! x2; The walls burn the orc knight!
You block the orc knight's attack.
The wall burns the orc warlord!
The orc warlord barely misses you.
The walls burn the orc knight!
You block the orc knight's attack.
You scratch the orc knight but do no damage.
You kick the orc knight, but do no damage.
The orc knight is severely wounded.
An orc knight comes into view. It is wielding a +0 bardiche.
The walls burn the orc knight!
The orc knight roars a battlecry!
The orcs go into a battle-frenzy!
The walls burn the orc knight!
The orc knight barely misses you.
The wall burns the orc warlord!
The orc warlord hits you with a +0 war axe!!
* * * LOW HITPOINT WARNING * * *
The wall burns the lindwurm!
You kill the lindwurm!
The walls burn the lindwurm!
You scratch the orc knight.
You kick the orc knight, but do no damage.
The orc knight is almost dead.
The orc knight no longer looks unusually strong.
You claw the orc knight!
You kill the orc knight!
The wall burns the orc warlord!
The orc warlord hits you with a +0 war axe!!
* * * LOW HITPOINT WARNING * * *
The walls burn the orc knight!
You block the orc knight's attack.
The walls burn the lindwurm!
You scratch the lindwurm. You headbutt the lindwurm. You bludgeon the lindwurm.
The lindwurm is almost dead.
The wall burns the orc knight!
The orc knight roars a battlecry!
The orc knight goes into a battle-frenzy!
The walls burn the orc knight!
The orc knight hits you with a +0 great sword!
* * * LOW HITPOINT WARNING * * *
The wall burns the orc warlord!
You block the orc warlord's attack.
The walls burn the lindwurm!
The lindwurm breathes flames at you. The blast of flame hits you! You resist.
* * * LOW HITPOINT WARNING * * *
As you read the scroll of fear, it crumbles to dust.
You assume a fearsome visage.
The orc warlord easily resists.
The orc knight looks frightened! x2; The lindwurm looks frightened!
The wall burns the orc knight!
Your attack snaps the orc knight out of its fear.
The orc knight hits you from afar with a +0 bardiche!
* * * LOW HITPOINT WARNING * * *
The walls burn the orc knight!
Your attack snaps the orc knight out of its fear.
The walls burn the lindwurm!
Your attack snaps the lindwurm out of its fear.
The wall burns the orc warlord!
The orc warlord roars a battlecry!
You hear a horrible gurgling sound!
The orc warlord attacks as you move away!
The orc warlord hits you with a +0 war axe!!
* * * LOW HITPOINT WARNING * * *
An orc knight comes into view. It is wielding a +0 long sword.
The walls burn the orc knight!
The wall burns the orc knight!
The wall burns the orc warlord!
The walls burn the lindwurm!
You kill the lindwurm!
Things that are here:
a +0 great sword; a +0 plate armour; an orc corpse You feel much better.
The walls burn the orc warlord!
The orc warlord hits you with a +0 war axe.
* * * LOW HITPOINT WARNING * * *
The walls burn the orc knight!
The orc knight hits you from afar with a +0 bardiche!
* * * LOW HITPOINT WARNING * * *
The walls burn the orc knight!
You feel much better.
The walls burn the orc warlord!
The orc warlord hits you with a +0 war axe!!
* * * LOW HITPOINT WARNING * * *
The wall burns the orc knight!
The walls burn the orc knight!
You kill the orc knight!
The walls burn the orc knight!
The orc knight hits you from afar with a +0 bardiche!!
You die...

##.....## #.....#
#...#...# #.....#
####.###.#####.....#
##.#...#...#.##†....#
#.............#.....#
#..#...#...#.)#?....#
#.###.###.###.#.....#
#..#...#...#.o'.....#
#........∩.@oo'.....#
##.#..(#...#.##.....#
####.###.#####.....#
#...#...# #.....#
##.....## #.....#
####### #.....#
#.$...o #.....#.
#.....#..


You could see an orc warlord (strong) and 2 orc knights.

Vanquished Creatures
  Arachne (Spider:4)
  Rupert (D:13)
  Mlioglotl (Spider:4)
  4 emperor scorpions
  The ghost of dontdoit the Fighter, a journeyman GnWn of Zin (D:12)
  4 orc warlords
  6 ghost moths
  3 broodmothers
  Nessos (D:13)
  2 entropy weavers (Spider:3)
  A dire elephant (Lair:5)
  4 spark wasps
  A minotaur (Gauntlet)
  2 blizzard demons (IceCv)
  A fire dragon (D:15)
  4 hydras
  A caustic shrike simulacrum (IceCv)
  An ice dragon (D:15)
  5 boulder beetles
  5 centaur warriors
  5 radroaches
  An ogre mage (D:15)
  5 jorogumos
  2 catoblepae
  4 two-headed ogres
  5 orc high priests (Orc:2)
  A tengu warrior (D:14)
  2 sun moths (Spider:4)
  3 pharaoh ants
  6 steelbarb worms
  10 spriggan simulacra (IceCv)
  16 orb spiders
  A bog body (IceCv)
  10 orc knights
  A wizard (D:14)
  An obsidian statue (IceCv)
  6 lindwurms
  The ghost of cpf86 the Cleaver, a novice MiBe of Trog (D:7)
  A deep elf pyromancer (Bailey)
  A harpy (shapeshifter) (D:14)
  19 wolf spiders
  5 cyclopes
  2 orc sorcerers (Orc:2)
  5 ugly things
  5 manticores
  5 moths of wrath
  6 elephants (Lair:4)
  12 torpor snails
  12 cane toads
  2 gargoyles
  4 rime drakes
  A yaktaur (shapeshifter) (D:13)
  A freezing wraith (IceCv)
  A hellion (Gauntlet)
  8 demonic crawlers
  6 komodo dragons
  A kobold demonologist (D:12)
  An efreet (D:14)
  6 ice devils (IceCv)
  A tengu conjurer (D:14)
  3 meliai (Spider:4)
  10 trolls
  3 polar bears
  A queen bee (Lair:2)
  7 hornets (Lair:5)
  32 tarantellas
  3 tyrant leeches (Lair:5)
  14 blink frogs
  12 dream sheep
  5 flying skulls (Gauntlet)
  25 jumping spiders
  A centaur simulacrum (D:15)
  53 yaks
  25 culicivoras
  3 fire bats (Lair:2)
  Sigmund (D:3)
  4 wyverns
  5 fire elementals
  16 humans (D:13)
  Eustachio (D:6)
  5 basilisks
  41 redbacks
  5 minotaur simulacra (IceCv)
  3 steam dragons
  Edmund (D:6)
  5 wargs
  6 vampire mosquitoes
  5 harpy simulacra (IceCv)
  5 small abominations (Gauntlet)
  2 hydra simulacra (IceCv)
  16 water moccasins
  An acid dragon (D:10)
  Duvessa (D:7)
  2 hell hounds (Gauntlet)
  57 orc warriors
  3 black bears
  An alligator simulacrum (IceCv)
  A black bear (shapeshifter) (D:15)
  An ettin simulacrum (IceCv)
  A wolf (Lair:5)
  3 boggarts (D:15)
  10 ogres
  6 centaurs
  3 kobold brigands
  14 bullfrogs
  2 necrophages
  A gnoll sergeant (D:9)
  2 scorpions (D:5)
  7 deep troll simulacra (IceCv)
  14 wights
  Dowan (D:7)
  18 killer bees
  2 lindwurm simulacra (IceCv)
  7 howler monkeys
  3 electric eels
  4 hounds
  31 orc priests
  A gnoll bouda (D:7)
  2 jellies (Sewer)
  4 iguanas
  20 orc wizards
  8 gnolls
  11 adders
  2 river rats (D:4)
  A shadow imp (D:8)
  3 white imps
  An ufetubus (D:5)
  9 worms
  A dart slug (D:3)
  84 orcs
  6 bats
  10 endoplasms
  7 giant cockroaches
  6 hobgoblins
  4 jackals (D:5)
  21 kobolds
  2 quokkas
  8 ball pythons
  9 frilled lizards
  13 goblins
  8 rats
  A bush (D:10)
990 creatures vanquished.

Vanquished Creatures (collateral kills)
  A two-headed ogre (D:10)
  A will-o-the-wisp (Lair:2)
2 creatures vanquished.

Vanquished Creatures (others)
  A wizard (D:14)
  A tarantella (Spider:4)
  4 slime creatures (Vaults:1)
  A dream sheep (Lair:4)
  A culicivora (Spider:2)
  A redback (Spider:4)
  2 centaurs (D:14)
  A phantom (D:7)
  A kobold brigand (D:7)
  A bullfrog (D:9)
  A wight (D:6)
  2 killer bees (D:9)
  106 jellies
  An electric eel (Lair:1)
  2 hounds
  2 orc priests (Orc:2)
  5 orc wizards
  2 adders
  15 orcs
  2 goblins (D:8)
  3 hobgoblins (D:8)
  2 jackals (D:4)
  A quokka (D:5)
  4 kobolds
  6 foxfires (Lair:2)
  120 fungi
  141 plants
429 creatures vanquished.

Grand Total: 1421 creatures vanquished

Notes
Turn   | Place    | Note
-------+----------+-------------------------------------------
     0 | D:1      | Dani the Troll Cinder Acolyte began the quest for the Orb.
     0 | D:1      | Reached XP level 1. HP: 22/22 MP: 1/1
    59 | D:1      | Found Lunut's Assorted Antiques.
   110 | D:1      | Found a faded altar of an unknown god.
   190 | D:1      | Reached XP level 2. HP: 29/29 MP: 2/2
   571 | D:1      | Reached skill level 4 in Unarmed Combat
  1065 | D:2      | Reached XP level 3. HP: 34/36 MP: 3/3
  1766 | D:3      | Noticed Sigmund
  1778 | D:3      | Killed Sigmund
  1779 | D:3      | Reached skill level 6 in Unarmed Combat
  1779 | D:3      | Reached XP level 4. HP: 31/44 MP: 4/4
  1779 | D:3      | Reached XP level 5. HP: 35/50 MP: 5/5
  1862 | D:3      | Identified the +2 robe of Quantum Leap {+Blink Dex-2 Slay-3
                  | SInv}
  1957 | D:1      | Bought a faintly glowing glass ring for 95 gold pieces
  1957 | D:1      | Identified the ring "Abeez" {Str+6 Dex+2 SInv} (You bought
                  | it in a shop on level 1 of the Dungeon)
  2689 | D:4      | Reached XP level 6. HP: 59/59 MP: 6/6
  2695 | D:4      | Reached skill level 7 in Unarmed Combat
  2793 | D:4      | Found a glowing drain.
  2800 | Sewer    | Entered a sewer
  2909 | Sewer    | Found a viscous altar of Jiyva.
  3044 | Sewer    | Fell from the grace of Ignis
  3044 | Sewer    | Became a worshipper of Jiyva Jeil the Shapeless
  3215 | D:4      | Reached skill level 8 in Unarmed Combat
  3215 | D:4      | Reached XP level 7. HP: 59/66 MP: 7/7
  3235 | D:4      | Noticed a fire elemental
  3235 | D:4      | Noticed a fire elemental
  3527 | D:4      | Reached * piety under Jiyva
  3546 | D:5      | Entered Level 5 of the Dungeon
  3812 | D:5      | Reached skill level 9 in Unarmed Combat
  3828 | D:5      | Reached ** piety under Jiyva
  4223 | D:6      | Noticed a yak
  4224 | D:6      | Noticed a yak
  4224 | D:6      | Noticed a yak
  4226 | D:6      | Noticed a yak
  4226 | D:6      | Noticed a yak
  4236 | D:6      | Killed a yak
  4241 | D:6      | Killed a yak
  4242 | D:6      | Reached skill level 10 in Unarmed Combat
  4242 | D:6      | Reached XP level 8. HP: 51/74 MP: 8/8
  4278 | D:6      | Found a staircase to the Ecumenical Temple.
  4352 | D:6      | Noticed Edmund
  4359 | D:6      | Killed Edmund
  4360 | D:6      | Reached skill level 11 in Unarmed Combat
  4367 | D:6      | Found Dodilak's Book Shop.
  4404 | D:6      | Noticed Eustachio
  4417 | D:6      | Killed Eustachio
  4510 | D:6      | Reached skill level 12 in Unarmed Combat
  4588 | D:6      | Reached XP level 9. HP: 74/80 MP: 9/9
  4650 | D:6      | Found an ornate altar of the Wu Jian Council.
  4739 | D:6      | You fall into a shaft and drop 3 floors!
  4810 | D:9      | Reached *** piety under Jiyva
  4816 | D:8      | Gained mutation: Your skin changes colour to match your
                  | surroundings (Stealth+). [Jiyva's grace]
  4816 | D:8      | Gained mutation: Your skin blends seamlessly with your
                  | surroundings (Stealth++). [Jiyva's grace]
  4816 | D:8      | Gained mutation: Your skin perfectly mimics your
                  | surroundings (Stealth+++). [Jiyva's grace]
  4816 | D:8      | Gained mutation: You are agile. (Dex +4, Str/Int -1)
                  | [Jiyva's grace]
  4891 | D:8      | Found a hazy altar of Hepliaklqana.
  4900 | D:8      | Found a flagged portal.
  4949 | D:8      | Reached skill level 13 in Unarmed Combat
  4981 | Bailey   | Entered a bailey
  5071 | Bailey   | Noticed an orc knight
  5085 | Bailey   | Killed an orc knight
  5086 | Bailey   | Reached skill level 14 in Unarmed Combat
  5104 | Bailey   | Found a large runed translucent door.
  5104 | Bailey   | Found a large runed translucent door.
  5106 | Bailey   | Noticed a deep elf pyromancer
  5119 | Bailey   | Reached XP level 10. HP: 41/88 MP: 10/10
  5180 | Bailey   | Killed a deep elf pyromancer
  5436 | D:8      | Found a transporter.
  5437 | D:8      | Identified the +12 trident of Stickiness {elec, *Slow rElec
                  | rPois}
  5461 | D:8      | You fall into a shaft and drop 3 floors!
  5494 | D:11     | You fall into a shaft and drop 2 floors!
  5500 | D:13     | Noticed a manticore
  5518 | D:13     | Noticed Nessos
  5540 | D:13     | Noticed a two-headed ogre
  5547 | D:13     | Reached skill level 15 in Unarmed Combat
  5548 | D:13     | Killed a two-headed ogre
  5549 | D:13     | Noticed a boulder beetle
  5570 | D:13     | Killed a boulder beetle
  5585 | D:13     | Noticed a centaur warrior
  5592 | D:13     | Reached skill level 16 in Unarmed Combat
  5618 | D:13     | Reached skill level 1 in Dodging
  5622 | D:13     | Reached skill level 1 in Shields
  5627 | D:13     | Reached skill level 1 in Armour
  5629 | D:13     | Noticed a boulder beetle
  5644 | D:13     | Killed a boulder beetle
  5645 | D:13     | Reached skill level 3 in Fighting
  5645 | D:13     | Reached skill level 2 in Dodging
  5655 | D:13     | Reached XP level 11. HP: 67/97 MP: 11/11
  5658 | D:13     | Noticed a four-headed hydra
  5665 | D:13     | Reached skill level 2 in Shields
  5770 | D:13     | Noticed Rupert
  5770 | D:13     | Found a gate to the Vaults.
  5817 | D:12     | Reached **** piety under Jiyva
  5964 | D:11     | Reached skill level 2 in Armour
  5964 | D:11     | Reached skill level 3 in Dodging
  6017 | D:11     | You fall into a shaft and drop 3 floors!
  6017 | D:14     | Was forgiven by Ignis
  6029 | D:13     | HP: 9/97 [cyclops/large rock (34)]
  6163 | D:12     | Reached skill level 4 in Dodging
  6192 | D:12     | Reached skill level 3 in Shields
  6247 | D:12     | Noticed dontdoit's ghost (journeyman GnWn)
  6265 | D:12     | Reached skill level 4 in Fighting
  6279 | D:12     | Lost mutation: Your skin perfectly mimics your surroundings
                  | (Stealth+++). [Jiyva's grace]
  6279 | D:12     | Lost mutation: You are agile. (Dex +4, Str/Int -1) [Jiyva's
                  | grace]
  6279 | D:12     | Gained mutation: Your spells are a little harder to cast,
                  | but a little more powerful. [Jiyva's grace]
  6279 | D:12     | Gained mutation: Your spells are harder to cast, but more
                  | powerful. [Jiyva's grace]
  6279 | D:12     | Gained mutation: Your spells are much harder to cast, but
                  | much more powerful. [Jiyva's grace]
  6279 | D:12     | Gained mutation: You have hidden genetic potential.
                  | [Jiyva's grace]
  6302 | D:12     | Found a runed translucent door.
  6321 | D:12     | Reached skill level 3 in Armour
  6406 | D:12     | Reached ***** piety under Jiyva
  6676 | D:11     | Noticed a purple ugly thing
  6687 | D:11     | Killed a purple ugly thing
  6688 | D:11     | Reached skill level 5 in Dodging
  6712 | D:10     | Entered Level 10 of the Dungeon
  6720 | D:10     | You fall into a shaft and drop 1 floor!
  6901 | D:10     | Found a sparkling altar of Nemelex Xobeh.
  6954 | D:10     | Found a blossoming altar of Fedhas.
  7171 | D:10     | Noticed a two-headed ogre
  7175 | D:10     | HP: 25/101 [two-headed ogre/+0 giant club (21)]
  7175 | D:10     | Killed a two-headed ogre
  7176 | D:10     | Reached skill level 4 in Shields
  7395 | D:9      | Found a staircase to the Orcish Mines.
  7405 | D:9      | HP: 22/101 [gnoll/+0 halberd (5)]
  7465 | D:9      | Reached skill level 4 in Armour
  7585 | D:9      | Reached skill level 6 in Dodging
  7630 | D:9      | Reached XP level 12. HP: 110/110 MP: 12/12
  7680 | D:9      | Found Jissiz's Fire Supplies.
  7683 | D:9      | Reached ****** piety under Jiyva
  7683 | D:9      | Gained mutation: Your body has grown eyes which may confuse
                  | attackers. (Acc +3) [Jiyva's grace]
  7683 | D:9      | Gained mutation: Your body has grown many eyes which may
                  | confuse attackers. (Acc +5) [Jiyva's grace]
  7683 | D:9      | Gained mutation: Your body is covered in eyes which may
                  | confuse attackers. (Acc +7, SInv) [Jiyva's grace]
  7683 | D:9      | Gained mutation: You heal very quickly. [Jiyva's grace]
  8024 | D:8      | Found a transporter.
  8035 | D:8      | Noticed Toastz's ghost (novice DjFE)
  8036 | D:8      | Identified the ring "Dianu" {rElec rC+ rCorr Int+6 Dex-4}
  8076 | D:8      | Noticed Grum
  8204 | D:8      | Found a bloodstained altar of Trog.
  8345 | D:7      | Reached skill level 5 in Fighting
  8367 | D:7      | Found a large runed translucent door.
  8368 | D:7      | Found a large runed translucent door.
  8370 | D:7      | Noticed cpf86's ghost (novice MiBe)
  8433 | D:7      | Noticed Dowan
  8434 | D:7      | Noticed Duvessa
  8448 | D:7      | Killed Duvessa
  8451 | D:7      | Killed Dowan
  8572 | D:7      | Found a white marble altar of Elyvilon.
  9251 | D:11     | Found a staircase to the Lair.
  9298 | D:11     | Noticed a seven-headed hydra
  9323 | D:11     | Killed a one-headed hydra
  9324 | D:11     | Reached skill level 5 in Shields
  9327 | D:11     | Gained mutation: You expend magic power (3 MP) to
                  | strengthen your wands. [hidden potential]
  9396 | D:11     | Lost mutation: Your skin blends seamlessly with your
                  | surroundings (Stealth++). [Jiyva's grace]
  9396 | D:11     | Lost mutation: Your spells are much harder to cast, but
                  | much more powerful. [Jiyva's grace]
  9396 | D:11     | Lost mutation: Your body is covered in eyes which may
                  | confuse attackers. (Acc +7, SInv) [Jiyva's grace]
  9396 | D:11     | Lost mutation: You have hidden genetic potential. [Jiyva's
                  | grace]
  9396 | D:11     | Gained mutation: You are resistant to electric shocks.
                  | (rElec) [Jiyva's grace]
  9396 | D:11     | Gained mutation: Armour fits poorly on your pseudopods.
                  | [Jiyva's grace]
  9396 | D:11     | Gained mutation: Armour fits poorly on your large
                  | pseudopods. [Jiyva's grace]
  9396 | D:11     | Gained mutation: Armour fits poorly on your massive
                  | pseudopods. [Jiyva's grace]
  9573 | Lair:1   | Entered Level 1 of the Lair of Beasts
  9589 | Lair:1   | Reached skill level 7 in Dodging
  9613 | Lair:1   | Reached skill level 17 in Unarmed Combat
  9941 | Lair:1   | Reached skill level 5 in Armour
 10153 | Lair:2   | Found a staircase to the Swamp.
 10210 | Lair:2   | Lost mutation: Your skin changes colour to match your
                  | surroundings (Stealth+). [Jiyva's grace]
 10210 | Lair:2   | Lost mutation: Armour fits poorly on your massive
                  | pseudopods. [Jiyva's grace]
 10210 | Lair:2   | Lost mutation: Armour fits poorly on your large pseudopods.
                  | [Jiyva's grace]
 10210 | Lair:2   | Lost mutation: You expend magic power (3 MP) to strengthen
                  | your wands. [Jiyva's grace]
 10210 | Lair:2   | Gained mutation: You have sharp toenails. [Jiyva's grace]
 10210 | Lair:2   | Gained mutation: You have razor-sharp toenails. [Jiyva's
                  | grace]
 10210 | Lair:2   | Gained mutation: You have claws for feet. [Jiyva's grace]
 10210 | Lair:2   | Gained mutation: Your system is resistant to poisons.
                  | (rPois) [Jiyva's grace]
 10302 | Lair:2   | Found a gate leading to a gauntlet.
 10341 | Lair:2   | Noticed a boulder beetle
 10343 | Lair:2   | You fall into a shaft and drop 1 floor!
 10367 | Lair:3   | Found a hole to the Spider Nest.
 10393 | Lair:2   | Found a runed translucent door.
 10399 | Lair:2   | Noticed Cato's ghost (journeyman DECj)
 10421 | Lair:2   | Reached skill level 6 in Fighting
 10500 | Lair:2   | Killed a boulder beetle
 10501 | Lair:2   | Reached skill level 6 in Shields
 10511 | Gauntlet | Entered a Gauntlet
 10511 | Gauntlet | Found a transporter.
 10511 | Gauntlet | Found a transporter.
 10512 | Gauntlet | Found a transporter.
 10513 | Gauntlet | Found a transporter.
 10513 | Gauntlet | Found a transporter.
 10516 | Gauntlet | Found a transporter.
 10524 | Gauntlet | Found a transporter.
 10525 | Gauntlet | Found a transporter.
 10526 | Gauntlet | Found a transporter.
 10527 | Gauntlet | Found a transporter.
 10531 | Gauntlet | Noticed an entropy weaver
 10535 | Gauntlet | Found a transporter.
 10535 | Gauntlet | Found a transporter.
 10711 | Gauntlet | Reached skill level 8 in Dodging
 10772 | Gauntlet | Identified the +0 cloak "Tinuz" {Will+}
 10807 | Gauntlet | Noticed a minotaur
 10813 | Gauntlet | Killed a minotaur
 11027 | Lair:2   | Reached XP level 13. HP: 122/122 MP: 13/13
 11250 | Lair:2   | Lost mutation: You heal very quickly. [Jiyva's grace]
 11250 | Lair:2   | Lost mutation: Your spells are harder to cast, but more
                  | powerful. [Jiyva's grace]
 11250 | Lair:2   | Lost mutation: Armour fits poorly on your pseudopods.
                  | [Jiyva's grace]
 11250 | Lair:2   | Gained mutation: You expend magic power (3 MP) to
                  | strengthen your wands. [Jiyva's grace]
 11250 | Lair:2   | Gained mutation: Your movements are slightly less
                  | encumbered by armour. (ER -2) [Jiyva's grace]
 11250 | Lair:2   | Gained mutation: Your movements are less encumbered by
                  | armour. (ER -4) [Jiyva's grace]
 11250 | Lair:2   | Gained mutation: Your movements are significantly less
                  | encumbered by armour. (ER -6) [Jiyva's grace]
 12340 | Lair:4   | Reached skill level 6 in Armour
 12463 | Lair:4   | Reached skill level 9 in Dodging
 12479 | Lair:4   | Reached skill level 7 in Shields
 12484 | Lair:4   | Reached skill level 7 in Fighting
 12647 | Lair:4   | Lost mutation: Your system is resistant to poisons. (rPois)
                  | [Jiyva's grace]
 12647 | Lair:4   | Lost mutation: Your body has grown many eyes which may
                  | confuse attackers. (Acc +5) [Jiyva's grace]
 12647 | Lair:4   | Lost mutation: Your movements are significantly less
                  | encumbered by armour. (ER -6) [Jiyva's grace]
 12647 | Lair:4   | Gained mutation: You have an increased reservoir of magic.
                  | (+10% MP) [Jiyva's grace]
 12647 | Lair:4   | Gained mutation: You have a considerably increased
                  | reservoir of magic. (+20% MP) [Jiyva's grace]
 12647 | Lair:4   | Gained mutation: You have a greatly increased reservoir of
                  | magic. (+30% MP) [Jiyva's grace]
 12647 | Lair:4   | Gained mutation: Your movements are significantly less
                  | encumbered by armour. (ER -6) [Jiyva's grace]
 13498 | Lair:5   | Entered Level 5 of the Lair of Beasts
 13595 | Lair:5   | Reached skill level 10 in Dodging
 13600 | Lair:5   | Reached skill level 7 in Armour
 13750 | Lair:5   | Reached skill level 8 in Shields
 13885 | Lair:5   | Found a staircase to the Slime Pits.
 13885 | Lair:5   | Found a viscous altar of Jiyva.
 13895 | Lair:5   | Reached XP level 14. HP: 135/135 MP: 19/19
 13897 | Lair:5   | Reached skill level 8 in Fighting
 14054 | Lair:5   | Found a runed translucent door.
 14100 | Lair:5   | Paralysed by a hornet for 3 turns
 14622 | Lair:5   | Identified the +5 kite shield of Focus {Int+5}
 14777 | Slime:1  | Entered Level 1 of the Pits of Slime
 14777 | Slime:1  | Noticed an acid blob
 14777 | Slime:1  | Noticed an acid blob
 14777 | Slime:1  | Noticed an acid blob
 14778 | Slime:1  | Noticed an acid blob
 14788 | Slime:2  | Noticed an azure jelly
 14792 | Slime:3  | Noticed an acid blob
 14792 | Slime:3  | Noticed a quicksilver ooze
 14792 | Slime:3  | Noticed an acid blob
 14793 | Slime:3  | Noticed an azure jelly
 14796 | Slime:3  | Noticed a rockslime
 14857 | Slime:4  | Noticed an acid blob
 14870 | Slime:5  | Entered Level 5 of the Pits of Slime
 14872 | Slime:5  | Noticed an acid blob
 14874 | Slime:5  | Noticed a rockslime
 14877 | Slime:5  | Noticed an acid blob
 14887 | Slime:5  | Found a viscous altar of Jiyva.
 14888 | Slime:5  | Noticed a rockslime
 14889 | Slime:5  | Noticed an acid blob
 14889 | Slime:5  | Noticed a quicksilver ooze
 14890 | Slime:5  | Noticed an acid blob
 14890 | Slime:5  | Noticed an acid blob
 14892 | Slime:5  | Identified the ring of the Present {+Blink rF- AC+4 Str+10
                  | Slay-4}
 14892 | Slime:5  | Noticed an acid blob
 14892 | Slime:5  | Noticed the Royal Jelly
 14897 | Slime:5  | Noticed an acid blob
 14905 | Slime:5  | Got a slimy rune of Zot
 14982 | Slime:3  | Noticed an acid blob
 15154 | Orc:1    | Entered Level 1 of the Orcish Mines
 15222 | D:9      | Reached skill level 8 in Armour
 15354 | Orc:1    | Lost mutation: Your movements are significantly less
                  | encumbered by armour. (ER -6) [Jiyva's grace]
 15354 | Orc:1    | Lost mutation: Your movements are less encumbered by
                  | armour. (ER -4) [Jiyva's grace]
 15354 | Orc:1    | Gained mutation: Your body has grown many eyes which may
                  | confuse attackers. (Acc +5) [Jiyva's grace]
 15354 | Orc:1    | Gained mutation: Your body is covered in eyes which may
                  | confuse attackers. (Acc +7, SInv) [Jiyva's grace]
 15354 | Orc:1    | Gained mutation: Your flesh is cold resistant. (rC+)
                  | [Jiyva's grace]
 15354 | Orc:1    | Gained mutation: Your flesh is very cold resistant. (rC++)
                  | [Jiyva's grace]
 15371 | Orc:1    | Found Qeafo's Weapon Boutique.
 15373 | Orc:1    | Noticed an orc warlord
 15421 | Orc:1    | Killed an orc warlord
 15452 | Orc:1    | Noticed an orc warlord
 15485 | Orc:1    | Killed an orc warlord
 15627 | Orc:1    | Reached skill level 9 in Shields
 15811 | Orc:2    | Entered Level 2 of the Orcish Mines
 15835 | Orc:2    | Noticed an orc warlord
 15862 | Orc:2    | Killed an orc warlord
 15868 | Orc:2    | Reached skill level 11 in Dodging
 15921 | Orc:2    | Found a staircase to the Elven Halls.
 16042 | Orc:2    | Found a burning altar of Makhleb.
 16314 | Orc:2    | Reached skill level 9 in Fighting
 16373 | Orc:2    | HP: 28/140 [orc knight/+0 long sword (33)]
 16523 | Orc:2    | Found Ihem's Book Shoppe.
 16524 | Orc:2    | Found Ynwexesh's Armour Emporium.
 16524 | Orc:2    | Found Gingoana's Armour Shoppe.
 16525 | Orc:2    | Found Nychy's Armour Shoppe.
 16752 | Spider:1 | Entered Level 1 of the Spider Nest
 16857 | Spider:1 | Lost mutation: You have claws for feet. [Jiyva's grace]
 16857 | Spider:1 | Lost mutation: Your flesh is very cold resistant. (rC++)
                  | [Jiyva's grace]
 16857 | Spider:1 | Lost mutation: You have a greatly increased reservoir of
                  | magic. (+30% MP) [Jiyva's grace]
 16857 | Spider:1 | Lost mutation: You have a considerably increased reservoir
                  | of magic. (+20% MP) [Jiyva's grace]
 16857 | Spider:1 | Lost mutation: You are resistant to electric shocks.
                  | (rElec) [Jiyva's grace]
 16857 | Spider:1 | Lost mutation: Your body is covered in eyes which may
                  | confuse attackers. (Acc +7, SInv) [Jiyva's grace]
 16857 | Spider:1 | Lost mutation: Your body has grown many eyes which may
                  | confuse attackers. (Acc +5) [Jiyva's grace]
 16857 | Spider:1 | Gained mutation: You are robust. (+10% HP) [Jiyva's grace]
 16857 | Spider:1 | Gained mutation: You are very robust. (+20% HP) [Jiyva's
                  | grace]
 16857 | Spider:1 | Gained mutation: You are extremely robust. (+30% HP)
                  | [Jiyva's grace]
 16857 | Spider:1 | Gained mutation: Armour fits poorly on your pseudopods.
                  | [Jiyva's grace]
 17038 | Spider:1 | Noticed a broodmother
 17055 | Spider:1 | Killed a broodmother
 17056 | Spider:1 | Reached skill level 9 in Armour
 17056 | Spider:1 | Reached XP level 15. HP: 192/192 MP: 17/17
 17643 | Spider:2 | Reached skill level 10 in Shields
 17786 | Spider:2 | Found a frozen archway.
 17790 | IceCv    | Entered an ice cave
 18399 | IceCv    | Reached skill level 10 in Fighting
 18438 | IceCv    | Reached skill level 12 in Dodging
 19126 | Spider:3 | Reached skill level 10 in Armour
 19572 | Spider:3 | Reached skill level 11 in Shields
 19586 | Spider:3 | Lost mutation: You have razor-sharp toenails. [Jiyva's
                  | grace]
 19586 | Spider:3 | Lost mutation: You are extremely robust. (+30% HP) [Jiyva's
                  | grace]
 19586 | Spider:3 | Lost mutation: Your spells are a little harder to cast, but
                  | a little more powerful. [Jiyva's grace]
 19586 | Spider:3 | Lost mutation: Armour fits poorly on your pseudopods.
                  | [Jiyva's grace]
 19586 | Spider:3 | Gained mutation: You have a pair of small horns on your
                  | head. [Jiyva's grace]
 19586 | Spider:3 | Gained mutation: You have a pair of horns on your head.
                  | [Jiyva's grace]
 19586 | Spider:3 | Gained mutation: You have a pair of large horns on your
                  | head. [Jiyva's grace]
 19586 | Spider:3 | Gained mutation: You are partially covered in iridescent
                  | scales. (AC +2) [Jiyva's grace]
 19595 | Spider:3 | Noticed an emperor scorpion
 19607 | Spider:3 | Killed an emperor scorpion
 19608 | Spider:3 | Reached XP level 16. HP: 183/185 MP: 18/18
 19717 | Spider:3 | Identified the +10 short sword of Netyh {freeze, rElec
                  | Will- rCorr Str+3 Dex+4}
 19810 | Spider:4 | Entered Level 4 of the Spider Nest
 20668 | Spider:4 | Reached skill level 11 in Fighting
 20713 | Spider:4 | Noticed Mlioglotl
 20728 | Spider:4 | Killed Mlioglotl
 20763 | Spider:4 | Reached skill level 18 in Unarmed Combat
 20938 | Spider:4 | Noticed Arachne
 20969 | Spider:4 | Killed Arachne
 21392 | Spider:4 | Got a gossamer rune of Zot
 21536 | Spider:4 | Reached skill level 11 in Armour
 21603 | Spider:4 | Reached skill level 13 in Dodging
 21846 | Spider:4 | Reached skill level 12 in Shields
 22325 | D:1      | Found Lunut's Assorted Antiques.
 22376 | D:1      | Found a faded altar of an unknown god.
 24037 | D:4      | Found a shimmering blue altar of Sif Muna.
 24738 | D:7      | Killed cpf86's ghost
 24861 | D:12     | Killed dontdoit's ghost
 24862 | D:12     | Reached XP level 17. HP: 183/186 MP: 19/19
 25250 | D:11     | Found a staircase to the Lair.
 25521 | D:13     | Killed Nessos
 25624 | D:13     | Killed Rupert
 26095 | D:14     | Found a hide-covered altar of Uskayaw.
 26105 | D:14     | Lost mutation: You have a pair of large horns on your head.
                  | [Jiyva's grace]
 26105 | D:14     | Lost mutation: You have a pair of horns on your head.
                  | [Jiyva's grace]
 26105 | D:14     | Gained mutation: You are mostly covered in iridescent
                  | scales. (AC +4) [Jiyva's grace]
 26105 | D:14     | Gained mutation: You are completely covered in iridescent
                  | scales. (AC +6) [Jiyva's grace]
 26105 | D:14     | Gained mutation: Armour fits poorly on your pseudopods.
                  | [Jiyva's grace]
 26105 | D:14     | Gained mutation: Armour fits poorly on your large
                  | pseudopods. [Jiyva's grace]
 26333 | D:15     | Entered Level 15 of the Dungeon
 26519 | D:15     | Found a staircase to the Depths.
 27182 | Vaults:1 | Entered Level 1 of the Vaults
 27182 | Vaults:1 | Lost mutation: You have sharp toenails. [Jiyva's grace]
 27182 | Vaults:1 | Lost mutation: You are completely covered in iridescent
                  | scales. (AC +6) [Jiyva's grace]
 27182 | Vaults:1 | Lost mutation: You are mostly covered in iridescent scales.
                  | (AC +4) [Jiyva's grace]
 27182 | Vaults:1 | Lost mutation: Your body has grown eyes which may confuse
                  | attackers. (Acc +3) [Jiyva's grace]
 27182 | Vaults:1 | Lost mutation: Armour fits poorly on your large pseudopods.
                  | [Jiyva's grace]
 27182 | Vaults:1 | Gained mutation: Your flesh is very cold resistant. (rC++)
                  | [Jiyva's grace]
 27182 | Vaults:1 | Gained mutation: Your flesh is almost immune to the effects
                  | of cold. (rC+++) [Jiyva's grace]
 27182 | Vaults:1 | Gained mutation: You are extremely robust. (+30% HP)
                  | [Jiyva's grace]
 27182 | Vaults:1 | Gained mutation: You have large cloven feet. [Jiyva's
                  | grace]
 27253 | Vaults:1 | HP: 50/223 [orc knight/+0 great sword (14)]
 27255 | Vaults:1 | HP: 6/223 [orc warlord/+0 war axe (19)]
 27257 | Vaults:1 | Slain by an orc knight

Illustrated notes

Levels and vault maps discovered:
D:1:      roderic_crop_circles_arrival_small, layout_basic,
          hellmonk_ecumenical_altar_slurped_away, serial_shops, shop,
          feat_on_display
D:2:      layout_basic, chequers_hall_statues_wall_a,
          kennysheep_decorative_pillar
D:3:      layout_basic, uniq_sigmund
D:4:      layout_gridville, lemuel_tele_altar, lightli_sewer_entry_pipes
D:5:      layout_basic, grunt_ministairs_9, chequers_serial_rivers_marsh
D:6:      layout_rooms, nzn_wu_jian_council_hall,
          minmay_temple_entry_statues_fountains, serial_shops, shop,
          uniq_eustachio, uniq_edmund
D:7:      layout_basic, elyvilon_altar_4, ebering_ghost_disaster_area,
          uniq_duvessa
D:8:      layout_basic, trog_hazing_becter, overflow_temple_1_default,
          gammafunk_ghost_gnarly_gnolls, enter_bailey_6, minmay_misc_feat_tiny
D:9:      layout_gridville, kennysheep_orc_monster_closet_entryway,
          nicolae_shop_fire_sale [nicolae_sub_dead_trees],
          hangedman_decor_points
D:10:     layout_cave_pools, nicolae_overflow_crystal_walls,
          fedhas_bush_and_centaur_altar
D:11:     layout_rooms, due_lair_maze_entry_diamond
D:12:     layout_roguey, hellmonk_ghost_happy_afterlife
D:13:     layout_rooms, david_vaults_3
D:14:     layout_irregular_city, minmay_misc_feat_tower,
          eat_drink_and_be_merry_uskayaw
D:15:     grunt_enter_depths_hoard, layout_long_grid,
          nicolae_figureground_sparkle, minmay_misc_feat_doors, moated_statue,
          minmay_microvault
Lair:1:   layout_chaotic_city, grunt_megastairs_3, serial_bayou_shore_a
Lair:2:   layout_gridlike, minmay_swamp_entry_wisps, gauntlet_entry_generic,
          ebering_ghost_reflecting_pool, special_room [special_room_bee],
          lemuel_fruit_tree
Lair:3:   layout_roguey, spider_nest_entry_webs
Lair:4:   layout_layer_cave
Lair:5:   hangedman_lair_in_review, layout_misc_corridors, wormcave,
          slime_entry_1
Spider:1: layout_spider_delve
Spider:2: layout_spider_delve, portal_ice_cave_entry_pillars_three
Spider:3: layout_spider_delve
Spider:4: johnstein_spider_rune_arachne_lair, drop_trap, uniq_mlioglotl,
          uniq_arachne
Slime:1:  layout_caves
Slime:2:  layout_caves, nicolae_slime_barrier
Slime:3:  layout_caves
Slime:4:  cheibrodos_slime_lost_civilization_9, layout_caves,
          nicolae_slime_welcoming_committee
Slime:5
Orc:1:    layout_caves, serial_shops, shop
Orc:2:    st_orc_pillars, layout_diamond_mine, basic_altar, uniq_urug
Vaults:1: v_misc_27, ontoclasm_vaults_shuriken, nicolae_vaults_hallways_thing,
          vaults_room_pools, hangedman_vaults_trim, vaults_dpeg_emergency_exit,
          nicolae_vaults_little_squares_1, v_misc_28, vaults_room_fancy_cross,
          nicolae_vaults_circle_grid_b, hangedman_vaults_capsules,
          nicolae_vaults_rhombus_7, ontoclasm_vaults_loading_screen,
          hangedman_vaults_river_flow, vaults_dpeg_ring, vaults_room_semicircle,
          hangedman_vaults_trim, vaults_dpeg_cross,
          nicolae_vaults_diagonal_hallway_6, layout_vaults_ring, uniq_aizul

Skill      XL: |  1  2  3  4  5  6  7  8  9 10 11 12 13 14 15 16 |
---------------+-------------------------------------------------+-----
Unarmed Combat | 4 6 8 10 12 14 16 17 18 | 18.6
Dodging        | 2 6 8 10 11 12 13 | 13.3
Shields        | 1 4 6 8 9 11 12 | 12.4
Armour         | 1 4 5 7 9 10 11 | 11.5
Fighting       | 3 4 6 7 9 10 11 | 11.8
Spellcasting   | |  1.0
Fire Magic     | |  2.1

Action                   |  1- 3 |  4- 6 |  7- 9 | 10-12 | 13-15 | 16-18 || total
-------------------------+-------+-------+-------+-------+-------+-------++-------
Melee: Unarmed           |   118 |   157 |   169 |   534 |  1176 |   584 ||  2738
       Punch             |     1 |     4 |     8 |    11 |       |       ||    24
       Kick              |       |       |       |    22 |   376 |   203 ||   601
       Pseudopods        |       |       |       |    22 |    94 |    25 ||   141
       War axe           |       |       |       |     8 |     3 |    11 ||    22
       Headbutt          |       |       |       |       |     1 |   134 ||   135
Throw: Javelin           |       |       |     6 |     1 |     7 |    11 ||    25
Invok: Fiery Armour      |     1 |       |       |       |       |       ||     1
       Oozemancy         |       |       |     1 |     4 |    17 |     9 ||    31
Evoke: Wand              |       |       |     3 |     1 |       |     9 ||    13
       Box of beasts     |       |       |       |       |       |     1 ||     1
  Use: Scroll            |       |       |     9 |    25 |     7 |     3 ||    44
       Potion            |       |       |       |     5 |     3 |     3 ||    11
 Stab: Sleeping          |       |       |       |     5 |       |       ||     5
       Confused          |       |       |       |     7 |    11 |     4 ||    22
       Petrified         |       |       |       |       |     2 |       ||     2
Armor: Robe              |    44 |    37 |    24 |       |       |       ||   105
       Steam dragon scal |       |       |    11 |    31 |     7 |       ||    49
       Troll leather arm |       |       |       |    99 |       |       ||    99
       Gold dragon scale |       |       |       |       |   596 |   429 ||  1025
Dodge: Dodged            |    56 |    53 |    64 |   188 |   233 |   140 ||   734
Block: Kite shield       |       |       |       |    97 |   671 |   459 ||  1227

Table legend: (Time is in decaauts)
 A = Elapsed time spent in this place.
 B = Non-inter-level travel time spent in this place.
 C = Inter-level travel time spent in this place.
 D = Time resting spent in this place.
 E = Time spent auto-exploring this place.
 F = Levels seen in this place.
 G = Mean time per level.
                   A        B        C        D        E       F      G
               +--------+--------+--------+--------+--------+-----+--------+
         Total |  26879 |  24720 |   2159 |    686 |  14600 |  36 |  746.6 |
       Dungeon |  14271 |  12881 |   1390 |    160 |   8719 |  15 |  951.4 |
          Lair |   4983 |   4650 |    333 |     36 |   2698 |   5 |  996.6 |
   Spider Nest |   4377 |   4143 |    234 |    308 |   2156 |   4 | 1094.2 |
    Slime Pits |    222 |    150 |     72 |      0 |      0 |   5 |   44.4 |
  Orcish Mines |   1371 |   1242 |    129 |     32 |    470 |   2 |  685.5 |
        Vaults |     68 |     68 |      0 |      0 |     22 |   1 |   68.0 |
         Sewer |    276 |    276 |      0 |      0 |    135 |   1 |  276.0 |
        Bailey |    265 |    265 |      0 |      4 |      0 |   1 |  265.0 |
      Ice Cave |    702 |    702 |      0 |    144 |    268 |   1 |  702.0 |
      Gauntlet |    342 |    342 |      0 |      0 |    131 |   1 |  342.0 |
               +--------+--------+--------+--------+--------+-----+--------+

Top non-repeatable levels by time:
Spider:4: 1710 daAuts
     D:1: 1632 daAuts
     D:4: 1404 daAuts
     D:2: 1361 daAuts
  Lair:5: 1288 daAuts
Spider:3: 1270 daAuts
  Lair:4: 1224 daAuts
    D:12: 1166 daAuts
     D:3: 1151 daAuts
  Lair:2: 1005 daAuts
     D:5: 935 daAuts
     D:8: 918 daAuts
     D:7: 912 daAuts
    D:11: 890 daAuts
  Lair:3: 873 daAuts

Table legend:
 A = Kills in this place as a percentage of kills in entire the game.
 B = Kills by you in this place as a percentage of kills by you in the entire game.
 C = Kills by friends in this place as a percentage of kills by friends in the entire game.
 D = Other kills in this place as a percentage of other kills in the entire game.
 E = Experience gained in this place as a percentage of experience gained in the entire game.
 F = Experience gained in this place divided by the number of levels of this place that you have seen.
                   A       B       C       D       E      F
               +-------+-------+-------+-------+-------+----------------------
         Total | 100.0 | 100.0 | 100.0 | 100.0 | 100.0 | 6849.9
       Dungeon |  36.8 |  37.4 |  50.0 |  13.0 |  22.8 | 3753.3
          Lair |  16.5 |  16.9 |  50.0 |   0.0 |  18.0 | 8891.0
   Spider Nest |  22.3 |  22.0 |   0.0 |  34.8 |  40.6 | 25015.5
  Orcish Mines |  13.9 |  13.3 |   0.0 |  43.5 |   8.0 | 9919.0
        Vaults |   0.6 |   0.6 |   0.0 |   0.0 |   1.7 | 4179.0
         Sewer |   2.6 |   2.7 |   0.0 |   0.0 |   0.1 | 136.0
        Bailey |   1.2 |   1.2 |   0.0 |   0.0 |   0.9 | 2254.0
      Ice Cave |   4.5 |   4.5 |   0.0 |   8.7 |   6.5 | 15909.0
      Gauntlet |   1.4 |   1.4 |   0.0 |   0.0 |   1.4 | 3465.0
               +-------+-------+-------+-------+-------+----------------------
